 Dungeon Crawl Stone Soup version 0.20.0-10-g0535bb4 (webtiles) character file.

312 Gorglomux the Skirmisher (level 6, 0/69 HPs)
             Began as a Formicid Fighter on June 5, 2017.
             Was an Initiate of Ru.
             Slain by a troll (7 damage)
             ... on level 4 of the Dungeon.
             The game lasted 00:04:48 (3459 turns).

Gorglomux the Skirmisher (Formicid Fighter)         Turns: 3459, Time: 00:04:49

Health: 0/69       AC: 23    Str: 24    XL:     6   Next: 70%
Magic:  6/6        EV:  2    Int: 12    God:    Ru [......]
Gold:   253        SH: 13    Dex: 19    Spells: 5/5 levels left

rFire    . . .     SeeInvis .   a - +0 war axe
rCold    . . .     Gourm    .   c - +0 shield
rNeg     + + +     Faith    .   (armour currently unavailable)
rPois    +         Spirit   .   (helmet unavailable)
rElec    .         Reflect  +   (cloak currently unavailable)
rCorr    .         Harm     .   (gloves currently unavailable)
MR       .....                  (boots currently unavailable)
Stlth    +++.......             F - +3 amulet of reflection
Regen    0.3/turn               (no ring)
MPRegen  0.1/turn               (no ring)

@: mighty, brilliant, agile, tree-form
A: permanent stasis, dig shafts and tunnels, four strong arms, agile 1, frail 1,
weak 1
a: Renounce Religion


You were on level 4 of the Dungeon.
You worshipped Ru.
Ru was noncommittal.
You were hungry.
You were a tree.
You visited 2 branches of the dungeon, and saw 5 of its levels.

You collected 253 gold pieces.

Inventory:

Hand Weapons
 a - a +0 war axe (weapon)
Armour
 b - a +0 scale mail
 c - a +0 shield (worn)
 G - a +2 pair of gloves (melded)
 T - the +3 ring mail of Sunlight (melded) {Int+5}
   (You found it on level 4 of the Dungeon)

   It affects your intelligence (+5).
Jewellery
 F - a +3 amulet of reflection (around neck)
Wands
 I - a wand of iceblast (2/15)
Scrolls
 D - a scroll of remove curse {unknown}
 K - 2 scrolls of fear {unknown}
 N - 4 scrolls of identify {unknown}
 S - 2 scrolls of fog {unknown}
Potions
 Q - a potion of curing
Comestibles
 f - 3 bread rations
 z - 5 meat rations
 C - 5 fruits
 L - 3 royal jellies


   Skills:
 + Level 5.8 Fighting
 + Level 4.9 Axes
 - Level 3.2 Armour
 - Level 3.6 Shields


You had 5 spell levels left.
You didn't know any spells.

Dungeon Overview and Level Annotations

Branches:
Dungeon (4/15)             Temple (1/1) D:4

Altars:
Ashenzari
Dithmenos
Elyvilon
Fedhas
Gozag
Hepliaklqana
Nemelex Xobeh
Okawaru
Ru
Sif Muna
Trog
Uskayaw
Vehumet
Yredelemnul
The Shining One


Innate Abilities, Weirdness & Mutations

You cannot be hasted, slowed, berserked, paralysed or teleported.
You can dig through walls and to a lower floor.
Your four strong arms can wield two-handed weapons with a shield.
((You have a pair of large antennae on your head. (SInv)))
((You have large cloven feet.))
You are agile. (Dex +2)
You are frail. (-10% HP)
You are weak. (Str -2)


Message History

* * * LOW HITPOINT WARNING * * *
You block the troll's attack.
You slash the troll!
The troll is heavily wounded.
The troll bites you!
* * * LOW HITPOINT WARNING * * *
You block the troll's attack. x2
You closely miss the troll.
The troll is heavily wounded.
The troll completely misses you. You block the troll's attack. x2
You barely miss the troll.
The troll is heavily wounded.
The troll bites you but does no damage. The troll claws you.
* * * LOW HITPOINT WARNING * * *
The troll claws you but does no damage.
You slash the troll!
The troll is severely wounded.
The troll bites you but does no damage. You block the troll's attack. x2
The troll bites you but does no damage. The troll claws you!
You die...

##########.## #################
#..## ##..# ##.## ##.## ######
#..## ###....##### ##..#
#..........# ##.## ##..........
#.♣## ##.........
##.T#######........ #####
##...............#
#####.(.###..#.##########.##
###....................# #.#
##....>.......####.####.# #.##
##.............##.....##.####...
##...........#..#.......#[#......
#............#..#.......#.#......


You could see a troll.

Vanquished Creatures
  An ogre (D:4)
  Jessica (D:3)
  3 worker ants (D:4)
  A gnoll (D:1)
  4 adders
  An ooze (D:4)
  4 worms
  3 leopard geckos
  An orc (D:4)
  5 giant cockroaches
  3 goblins
  12 hobgoblins
  4 jackals (D:1)
  6 kobolds
  A quokka (D:2)
  2 ball pythons
  4 bats
  7 frilled lizards
  5 rats
68 creatures vanquished.

Notes
Turn   | Place    | Note
-------+----------+-------------------------------------------
     0 | D:1      | Gorglomux the Formicid Fighter began the quest for the Orb.
     0 | D:1      | Reached XP level 1. HP: 18/18 MP: 1/1
   332 | D:1      | Reached XP level 2. HP: 15/24 MP: 2/2
   649 | D:1      | Reached XP level 3. HP: 24/30 MP: 3/3
   815 | D:1      | Reached skill level 3 in Axes
   841 | D:2      | Reached skill level 4 in Fighting
   993 | D:2      | Reached XP level 4. HP: 37/37 MP: 4/4
  1000 | D:2      | Found a blossoming altar of Fedhas.
  1489 | D:3      | Noticed Jessica
  1494 | D:3      | Killed Jessica
  1494 | D:3      | Reached XP level 5. HP: 36/43 MP: 5/5
  2426 | D:4      | Noticed a troll
  2429 | D:4      | Reached skill level 5 in Fighting
  2524 | D:4      | Reached XP level 6. HP: 44/51 MP: 6/6
  2546 | D:4      | Found a hide-covered altar of Uskayaw.
  2566 | D:4      | Got a tiger eye-encrusted ring mail
  2577 | D:4      | Identified the +3 ring mail of Sunlight {Int+5} (You found it on level 4 of the Dungeon)
  3026 | D:4      | Found a staircase to the Ecumenical Temple.
  3081 | D:4      | Noticed an ogre
  3088 | D:4      | Killed an ogre
  3129 | Temple   | Entered the Ecumenical Temple
  3195 | Temple   | Became a worshipper of Ru the Awakened
  3447 | D:4      | Gained mutation: You are weak. (Str -2) [potion of mutation]
  3447 | D:4      | Gained mutation: You have large cloven feet. [potion of mutation]
  3447 | D:4      | Gained mutation: You are frail. (-10% HP) [potion of mutation]
  3447 | D:4      | Gained mutation: You are agile. (Dex +2) [potion of mutation]
  3451 | D:4      | HP: 3/69 [troll (7)]
  3459 | D:4      | Slain by a troll

Skill      XL: |  1  2  3  4  5 |
---------------+----------------+-----
Axes           | 3 4 |  4.9
Fighting       | 4 5 |  5.8
Armour         | |  3.2
Shields        | |  3.6

Action                   |  1- 3 |  4- 6 || total
-------------------------+-------+-------++-------
Melee: War axe           |    93 |   195 ||   288
  Use: Potion            |       |    10 ||    10
  Eat: Chunk             |       |     8 ||     8
Armor: Scale mail        |    41 |    50 ||    91
       Skin              |       |    19 ||    19
       Ring mail         |       |    13 ||    13
Dodge: Dodged            |    32 |    55 ||    87
Block: Shield            |    59 |   143 ||   202
       Reflection        |       |     4 ||     4
